 Dungeon Crawl Stone Soup version 0.28-a0-1159-g27aa881441 (webtiles) character file.

Game seed: 2458153521756978286

0 spaghetti the Sneak (level 1, -5/11 HPs)
             Began as a Vine Stalker Delver on Dec 16, 2021.
             Killed by divine providence
             ... invoked by an orc priest
              (14 damage)
             ... on level 6 of the Dungeon.
             The game lasted 00:00:31 (121 turns).

spaghetti the Sneak (Vine Stalker Delver)            Turns: 121, Time: 00:00:32

Health: -5/11      AC:  4    Str: 14    XL:     1   Next: 0%
Magic:  0/2        EV: 11    Int: 10    God:
Gold:   0          SH:  0    Dex: 15    Spells: 0/0 levels left

rFire   . . .      SeeInvis .     - Unarmed
rCold   . . .      Faith    .   (no shield)
rNeg    . . .      Spirit   +   a - +1 leather armour
rPois   .          Reflect  .   (no helmet)
rElec   .          Harm     .   (no cloak)
rCorr   .          Rampage  .   (no gloves)
Will    .....                   (no boots)
Stlth   +++.......              (no amulet)
HPRegen 0.03/turn               (no ring)
MPRegen 0.08/turn               (no ring)

@: no status effects
A: fangs 2, magic shield, antimagic bite, no potion heal 2
a: no special abilities


You were on level 6 of the Dungeon.
You visited 2 branches of the dungeon, and saw 3 of its levels.


Innate Abilities, Weirdness & Mutations

You have extremely sharp teeth.
When hurt, damage is shared between your health and your magic reserves.
Your bite disrupts and absorbs the magic of your enemies.
Potions cannot restore your health.


   Skills:
 - Level 2.6 Fighting
 - Level 1.5 Dodging
 + Level 6.0 Stealth
 - Level 2.0 Unarmed Combat


You couldn't memorise any spells.
You didn't know any spells.
Your spell library was empty.

Inventory:

Armour
 a - a +1 leather armour (worn)
Wands
 f - a wand of digging (3)
Scrolls
 b - a scroll of fog
 c - a scroll of magic mapping {!r}
 d - a scroll of fear
Potions
 e - a potion of haste {@q3}

Dungeon Overview and Level Annotations

Branches:
Dungeon (6/15)             Temple (1/1) D:6

Altars:
Ashenzari
Dithmenos
Elyvilon
Gozag
Qazlal
Ru
Trog
Wu Jian
Yredelemnul

#........#### #.#.###
..#....#......# #.#....
..#...........###.#.###
.....#.#...........#
##...........###.###
.##...#.#.#....###.#
....#.......#...##.#
#...#.>.#...#.##.#
#.)@....#...##.#
#....#.#.#...####.#
...................#
.....$.#.#..........
?#.#............#
oo......#.....#.#
.#.#.#....##.#...
#.#... .. .#.. # #<#.
#..


You could see an orc priest and an orc.


Message History

🤖 Initializing magus.rc ...
Options error: Delay interrupt name "hungry" not recognised. (~/.crawlrc:4771) ✅ Successfully initialized magus.rc [v1.9.6] Welcome, spaghetti the Vine Stalker Delver.
Are you destined to find the breathtaking Orb of Zot, or to die trying?
Press ? for a list of commands and other information.
Found a stone staircase leading down.
You climb downwards.
There is a stone staircase leading up here.
g - a scroll labelled JUSUPH MEDICW
As you read the scroll labelled JUSUPH MEDICW, it crumbles to dust.
It is a scroll of enchant armour.
Your +0 leather armour glows green for a moment.
Found a staircase to the Ecumenical Temple.
g - a scroll labelled TEYGYC ISOSM
As you read the scroll labelled TEYGYC ISOSM, it crumbles to dust.
The air around you briefly surges with heat, but it dissipates.
It was a scroll of immolation.
An orc comes into view. It is wielding a +0 flail.
There is a staircase to the Ecumenical Temple here.
You climb downwards.
Welcome to the Ecumenical Temple!
Found a sacrificial altar of Ru.
There is a staircase back to the Dungeon here.
Unknown command.
Unknown command.
Found a basalt altar of Yredelemnul and a bloodstained altar of Trog.
There is a basalt altar of Yredelemnul here.
Found an ornate altar of the Wu Jian Council.
Found an opulent altar of Gozag and a white marble altar of Elyvilon.
Found a broken altar of Ashenzari.
(D) Dungeon (T) Temple
Where to? (? - help)
Found a stormy altar of Qazlal.
There is a staircase back to the Dungeon here.
You climb upwards.
There is a staircase to the Ecumenical Temple here.
An orc is nearby!
Unknown command.
Unknown command.
An orc is nearby! 2 orcs come into view.
Found a stone staircase leading up.
The orc shouts!
You hear a shout! x2
There is a staircase to the Ecumenical Temple here.
You climb downwards.
Welcome back to the Ecumenical Temple!
There is a staircase back to the Dungeon here.
Unknown command.
Unknown command.
Search for what [? for help]? go Sorry, you're not good enough to have a special ability.
Search for what [Enter for "go", or ? for help]?
Found a shadowy altar of Dithmenos.
There is an opulent altar of Gozag here.
You kneel at the altar of Gozag.
Gozag does not accept service from beggars like you!
The service fee for joining is currently 39 gold; you have none.
Unknown command.
Press < or > to pray at altars.
Unknown command.
Press < or > to pray at altars.
(D) Dungeon (T) Temple
Where to? (Enter - Temple @ (x,y), ? - help)
There is an ornate altar of the Wu Jian Council here.
There is a staircase back to the Dungeon here.
You climb upwards.
There is a staircase to the Ecumenical Temple here.
An orc is nearby!
Unknown command.
An orc wizard comes into view. It is wielding a +0 dagger.
The orc closely misses you.
The orc shouts!
The orc wizard shouts!
You hit the orc but do no damage.
You hear a shout!
The orc wizard casts a spell.
The orc wizard flickers and vanishes!
Deactivating autopickup; reactivate with Ctrl-A.
The orc misses you.
You hit the orc. The orc hits you with a +0 flail.
An orc priest comes into view. It is wielding a +0 flail. 😕 HP[-2]
You take 2 damage, and now have 9/11 hp.
You hit the orc.
You kill the orc!
The orc throws a boomerang.
The boomerang closely misses you.
The orc priest invokes the aid of Beogh against you.
Beogh smites you!
Ouch! That really hurt!
You die...

Action                   || total
-------------------------++-------
Melee: Unarmed           ||     3
  Use: Scroll            ||     2
Dodge: Dodged            ||     3

Levels and vault maps discovered:
D:5:      layout_loops_cross, nicolae_stop_n_shop_2
D:6:      layout_basic, nemelex_spade_bored_becter,
          minmay_temple_entry_sparse_star
Temple:   eino_wide_crystal_templ

Notes
Turn   | Place    | Note
-------+----------+-------------------------------------------
     0 | D:5      | spaghetti the Vine Stalker Delver began the quest for the
                  | Orb.
     0 | D:5      | Reached XP level 1. HP: 11/11 MP: 2/2
     0 | D:5      | magus.rc [v1.9.6]
    44 | D:6      | Found a staircase to the Ecumenical Temple.
    57 | Temple   | Entered the Ecumenical Temple
   118 | D:6      | Noticed an orc wizard
   120 | D:6      | Noticed an orc priest
   121 | D:6      | Killed from afar by an orc priest

Vanquished Creatures
  An orc (D:6)
1 creature vanquished.

Table legend:
 A = Non-vault XP
 B = Vault XP
 C = Vault XP percentage of total XP
 D = Non-vault monster count
 E = Vault monster count
 F = Vault count percentage of total count
                 A         B        C        D         E       F
            +---------+---------+-------+---------+---------+-------
      Total |       3 |       0 |   0.0 |       1 |       0 |   0.0
            +---------+---------+-------+---------+---------+-------
        D:6 |       3 |       0 |   0.0 |       1 |       0 |   0.0
            +---------+---------+-------+---------+---------+-------

Illustrated notes

Table legend:
 A = Kills in this place as a percentage of kills in entire the game.
 B = Kills by you in this place as a percentage of kills by you in the entire game.
 C = Kills by friends in this place as a percentage of kills by friends in the entire game.
 D = Other kills in this place as a percentage of other kills in the entire game.
 E = Experience gained in this place as a percentage of experience gained in the entire game.
 F = Experience gained in this place divided by the number of levels of this place that you have seen.
                   A       B       C       D       E      F
               +-------+-------+-------+-------+-------+----------------------
         Total | 100.0 | 100.0 |   N/A |   N/A | 100.0 |   1.0
       Dungeon | 100.0 | 100.0 |   N/A |   N/A | 100.0 |   1.5
               +-------+-------+-------+-------+-------+----------------------

Table legend: (Time is in decaauts)
 A = Elapsed time spent in this place.
 B = Non-inter-level travel time spent in this place.
 C = Inter-level travel time spent in this place.
 D = Time resting spent in this place.
 E = Time spent auto-exploring this place.
 F = Levels seen in this place.
 G = Mean time per level.
                   A        B        C        D        E       F      G
               +--------+--------+--------+--------+--------+-----+--------+
         Total |    122 |     80 |     42 |      0 |     49 |   3 |   40.7 |
       Dungeon |     67 |     64 |      3 |      0 |     40 |   2 |   33.5 |
        Temple |     54 |     15 |     39 |      0 |      9 |   1 |   54.0 |
               +--------+--------+--------+--------+--------+-----+--------+

Top non-repeatable levels by time:
     D:6: 66 daAuts
  Temple: 54 daAuts
     D:5: 1 daAuts
